Blues vs Oilers

Created - February 16 2011 at 18:20

Goals
1 2 3 T
Blues 0 0 2 2
Oilers 2 1 1 4
Shots
1 2 3 T
Blues 8 7 8 23
Oilers 13 13 7 33

Period #1

1. Oilers , Michal Handzus 23 (Roman Hamrlik, Stephen Weiss) at 7:15 (PP)
2. Oilers , Ryan Johnson 6 (Andrew Ladd, Todd Marchant) at 13:37

Penalties :
Dany Heatley (EDM) for Holding (Minor) at 1:21, Scott Hannan (EDM) for Hooking (Minor) at 2:00, Dennis Wideman (STL) for Hooking (Minor) at 6:26, Steve Ott (STL) for Interference (Minor) at 7:16, Derek Roy (EDM) for Holding Stick (Minor) at 15:15, Jay McKee (STL) for Hooking (Minor) at 17:38

Period #2

3. Oilers , Michal Handzus 24 (Stephen Weiss) at 19:16

Penalties :
Stephen Weiss (EDM) for Roughing (Minor) at 1:21, Robyn Regehr (STL) for Roughing (Minor) at 7:57, Robyn Regehr (STL) for Tripping (Minor) at 13:03, Michal Handzus (EDM) for Hooking (Minor) at 16:20, Jay McKee (STL) for High sticking (Minor) at 16:20

Period #3

4. Oilers , Derek Roy 29 (Dany Heatley) at 4:12
5. Blues , Jussi Jokinen 26 (Dennis Wideman) at 16:16
6. Blues , Jay McKee 6 (Daymond Langkow, Todd Bertuzzi) at 17:29

Penalties :
Sean ODonnell (EDM) for Cross-checking (Minor) at 0:11, Sean ODonnell (EDM) for Roughing (Minor) at 9:46

Goalie Stats

Jonathan Quick (STL), 29 saves from 33 shots - (0.879), L, 22-29-3, 60:00 minutes
Dan Ellis (EDM), 21 saves from 23 shots - (0.913), W, 8-1-3, 60:00 minutes

Players Stats

Blues
Player Name              G  A  P  +/- PIM S  H  SB FO    MP 
------------------------------------------------------------
Alexander Frolov         0  0  0   0  0   0  2  0  1/1   14 
Brian Pothier            0  0  0   0  0   0  2  1  0/0   20 
Chris Kunitz             0  0  0   0  0   1  3  0  0/1   15 
Dan Sexton               0  0  0   0  0   1  0  0  0/1   6  
Daymond Langkow          0  1  1  -1  0   1  1  0  3/11  16 
Dennis Wideman           0  1  1   0  2   1  0  0  0/0   20 
Jamie Langenbrunner      0  0  0   0  0   3  0  0  5/11  21 
Jay McKee                1  0  1  -1  4   1  0  1  0/0   15 
Jussi Jokinen            1  0  1   0  0   4  0  0  12/23 18 
Kristian Huselius        0  0  0   0  0   1  0  0  1/2   19 
Matthew Lombardi         0  0  0   0  0   0  0  0  13/22 17 
Mike Comrie              0  0  0   0  0   0  0  0  0/0   6  
Milan Jurcina            0  0  0  -1  0   0  2  0  0/0   17 
Robyn Regehr             0  0  0   0  4   1  2  2  0/0   22 
Saku Koivu               0  0  0   0  0   4  0  0  4/9   13 
Scott Niedermayer        0  0  0   0  0   2  0  2  0/0   25 
Steve Ott                0  0  0  -1  2   1  1  0  0/0   14 
Todd Bertuzzi            0  1  1  -1  0   2  0  0  0/1   14 
Oilers
Player Name              G  A  P  +/- PIM S  H  SB FO    MP 
------------------------------------------------------------
Adrian Aucoin            0  0  0   0  0   1  1  5  0/0   24 
Andrew Ladd              0  1  1   1  0   3  2  0  0/1   14 
Bryce Salvador           0  0  0   1  0   1  0  2  0/0   17 
Dany Heatley             0  1  1   1  2   4  3  0  1/3   16 
Derek Roy                1  0  1   1  2   3  0  0  14/20 17 
Mark Popovic             0  0  0   0  0   0  1  0  0/0   13 
Michal Handzus           2  0  2   0  2   6  1  0  8/17  19 
Miroslav Satan           0  0  0  -1  0   1  0  0  0/0   7  
Radek Dvorak             0  0  0   0  0   1  0  0  0/0   15 
Rod BrindAmour           0  0  0  -1  0   0  0  0  2/2   7  
Roman Hamrlik            0  1  1   1  0   0  0  1  0/0   21 
Ryan Johnson             1  0  1   1  0   1  0  2  5/15  15 
Scott Hannan             0  0  0   0  2   2  2  1  0/0   20 
Scott Nichol             0  0  0  -1  0   0  4  0  4/10  12 
Sean ODonnell            0  0  0   0  4   1  0  1  0/0   22 
Stephen Weiss            0  2  2   0  2   3  1  0  5/7   16 
Steve Sullivan           0  0  0   1  0   2  1  0  3/6   17 
Todd Marchant            0  1  1   1  0   4  2  1  1/1   16 

3 Stars

1 - Michal Handzus (EDM)
2 - Ryan Johnson (EDM)
3 - Todd Marchant (EDM)

Power Play

Blues - 0 on 6 Attempt(s) - 0.00%
Oilers - 1 on 5 Attempt(s) - 20.00%

Penalty Kill

Blues - 4 on 5 Attempt(s) - 80.00% - Score 0 goal in Penalty Kill
Oilers - 6 on 6 Attempt(s) - 100.00% - Score 0 goal in Penalty Kill

Game Notes

No Game Note

Finance

Level 1 -- Attendance: 5982 (92.03%) -- Ticket Income $538,380.00
Level 2 -- Attendance: 5000 (100.00%) -- Ticket Income $225,000.00
Level 3 -- Attendance: 3426 (97.89%) -- Ticket Income $109,632.00
Level 4 -- Attendance: 839 (100.00%) -- Ticket Income $15,941.00
Luxury Box -- Attendance: 836 (83.60%) -- Ticket Income $160,512.00
Game was played at the Rexall Place
Total Attendance: 16083 (95.51%)
Total Ticket Income: $1,073,757.00
Other Income: $205,418.70
Total Income: $1,279,176.00


Play by Play

Period #1

0:01 of 1st period - Matthew Lombardi wins face-off versus Derek Roy in neutral zone.
0:04 of 1st period - Adrian Aucoin is hit by Alexander Frolov and loses puck.
0:18 of 1st period - Shot by Dany Heatley.
0:18 of 1st period - Shot Misses the Net.
0:22 of 1st period - Shot by Dany Heatley.
0:22 of 1st period - Shot Misses the Net.
0:24 of 1st period - Shot by Sean ODonnell.
0:24 of 1st period - Shot Misses the Net.
0:26 of 1st period - Shot by Derek Roy.
0:26 of 1st period - Shot Misses the Net.
0:28 of 1st period - Shot by Sean ODonnell.
0:28 of 1st period - Shot Misses the Net.
0:30 of 1st period - Shot by Sean ODonnell.
0:30 of 1st period - Stopped by Jonathan Quick without a rebound.
0:31 of 1st period - Michal Handzus wins face-off versus Jussi Jokinen in Blues zone.
0:40 of 1st period - Shot by Radek Dvorak.
0:40 of 1st period - Stopped by Jonathan Quick without a rebound.
0:41 of 1st period - Ryan Johnson wins face-off versus Daymond Langkow in Blues zone.
0:49 of 1st period - Shot by Todd Marchant.
0:49 of 1st period - Shot Misses the Net.
0:53 of 1st period - Shot by Ryan Johnson.
0:53 of 1st period - Shot Misses the Net.
0:55 of 1st period - Shot by Ryan Johnson.
0:55 of 1st period - Shot Blocked by Jay McKee.
0:57 of 1st period - Shot by Todd Marchant.
0:57 of 1st period - Stopped by Jonathan Quick without a rebound.
0:58 of 1st period - Stephen Weiss wins face-off versus Jussi Jokinen in Blues zone.
1:09 of 1st period - Shot by Michal Handzus.
1:09 of 1st period - Stopped by Jonathan Quick without a rebound.
1:10 of 1st period - Derek Roy wins face-off versus Kristian Huselius in Blues zone.
1:21 of 1st period - Minor Penalty to Dany Heatley for Holding.
1:22 of 1st period - Matthew Lombardi wins face-off versus Scott Nichol in Oilers zone.
1:39 of 1st period - Shot by Matthew Lombardi.
1:39 of 1st period - Deflect By Jamie Langenbrunner.
1:39 of 1st period - Shot Misses the Net.
2:00 of 1st period - Minor Penalty to Scott Hannan for Hooking.
2:01 of 1st period - Alexander Frolov wins face-off versus Derek Roy in Oilers zone.
2:09 of 1st period - Shot by Kristian Huselius.
2:09 of 1st period - Shot Blocked by Sean ODonnell.
2:11 of 1st period - Shot by Jussi Jokinen.
2:11 of 1st period - Shot Misses the Net.
2:13 of 1st period - Shot by Robyn Regehr.
2:13 of 1st period - Shot Blocked by Adrian Aucoin.
2:15 of 1st period - Shot by Robyn Regehr.
2:15 of 1st period - Shot Misses the Net.
3:01 of 1st period - Icing by Matthew Lombardi.
3:02 of 1st period - Matthew Lombardi wins face-off versus Michal Handzus in Blues zone.
3:11 of 1st period - Shot by Matthew Lombardi.
3:11 of 1st period - Shot Hit the Post.
3:43 of 1st period - Icing by Brian Pothier.
3:44 of 1st period - Matthew Lombardi wins face-off versus Scott Nichol in Blues zone.
4:58 of 1st period - Icing by Daymond Langkow.
4:59 of 1st period - Daymond Langkow wins face-off versus Andrew Ladd in Blues zone.
4:59 of 1st period - Daymond Langkow is hit by Andrew Ladd.
5:14 of 1st period - Off-side.
5:15 of 1st period - Derek Roy wins face-off versus Saku Koivu in neutral zone.
6:26 of 1st period - Minor Penalty to Dennis Wideman for Hooking.
6:27 of 1st period - Michal Handzus wins face-off versus Jussi Jokinen in Blues zone.
6:53 of 1st period - Shot by Michal Handzus.
6:53 of 1st period - Shot Blocked by Robyn Regehr.
6:55 of 1st period - Shot by Scott Hannan.
6:55 of 1st period - Stopped by Jonathan Quick with a rebound.
6:57 of 1st period - Shot by Roman Hamrlik.
6:57 of 1st period - Deflect By Andrew Ladd.
6:57 of 1st period - Stopped by Jonathan Quick without a rebound.
6:58 of 1st period - Kristian Huselius wins face-off versus Stephen Weiss in Blues zone.
7:11 of 1st period - Shot by Stephen Weiss.
7:11 of 1st period - Stopped by Jonathan Quick without a rebound.
7:12 of 1st period - Stephen Weiss wins face-off versus Jamie Langenbrunner in Blues zone.
7:13 of 1st period - Shot by Roman Hamrlik.
7:13 of 1st period - Shot Blocked by Scott Niedermayer.
7:15 of 1st period - Shot by Michal Handzus.
7:15 of 1st period - Goal by Michal Handzus - Blues : 0 - Oilers : 1.
7:16 of 1st period - Ryan Johnson wins face-off versus Daymond Langkow in neutral zone.
7:16 of 1st period - Minor Penalty to Steve Ott for Interference.
7:17 of 1st period - Derek Roy wins face-off versus Jamie Langenbrunner in Blues zone.
7:55 of 1st period - Icing by Adrian Aucoin.
7:56 of 1st period - Derek Roy wins face-off versus Jussi Jokinen in Oilers zone.
8:31 of 1st period - Shot by Michal Handzus.
8:31 of 1st period - Deflect By Stephen Weiss.
8:31 of 1st period - Stopped by Jonathan Quick without a rebound.
8:32 of 1st period - Jussi Jokinen wins face-off versus Michal Handzus in Blues zone.
10:23 of 1st period - Robyn Regehr is hit by Michal Handzus and loses puck.
11:02 of 1st period - Steve Sullivan is hit by Robyn Regehr and loses puck.
11:43 of 1st period - Shot by Todd Marchant.
11:43 of 1st period - Stopped by Jonathan Quick with a rebound.
12:05 of 1st period - Shot by Jussi Jokinen.
12:05 of 1st period - Stopped by Dan Ellis without a rebound.
12:06 of 1st period - Jussi Jokinen wins face-off versus Michal Handzus in Oilers zone.
12:10 of 1st period - Icing by Mark Popovic.
12:11 of 1st period - Michal Handzus wins face-off versus Jussi Jokinen in Oilers zone.
12:11 of 1st period - Michal Handzus is hit by Chris Kunitz.
13:00 of 1st period - Shot by Dany Heatley.
13:00 of 1st period - Shot Misses the Net.
13:13 of 1st period - Shot by Todd Bertuzzi.
13:13 of 1st period - Stopped by Dan Ellis with a rebound.
13:15 of 1st period - Shot by Daymond Langkow.
13:15 of 1st period - Shot Misses the Net.
13:17 of 1st period - Shot by Daymond Langkow.
13:17 of 1st period - Stopped by Dan Ellis without a rebound.
13:18 of 1st period - Daymond Langkow wins face-off versus Ryan Johnson in Oilers zone.
13:19 of 1st period - Shot by Todd Bertuzzi.
13:19 of 1st period - Stopped by Dan Ellis with a rebound.
13:31 of 1st period - Shot by Andrew Ladd.
13:31 of 1st period - Stopped by Jonathan Quick without a rebound.
13:32 of 1st period - Todd Marchant wins face-off versus Jussi Jokinen in Blues zone.
13:33 of 1st period - Shot by Andrew Ladd.
13:33 of 1st period - Shot Misses the Net.
13:35 of 1st period - Shot by Ryan Johnson.
13:35 of 1st period - Shot Misses the Net.
13:37 of 1st period - Shot by Ryan Johnson.
13:37 of 1st period - Goal by Ryan Johnson - Blues : 0 - Oilers : 2.
13:38 of 1st period - Michal Handzus wins face-off versus Saku Koivu in neutral zone.
13:58 of 1st period - Off-side.
13:59 of 1st period - Jussi Jokinen wins face-off versus Ryan Johnson in neutral zone.
14:07 of 1st period - Todd Marchant is hit by Brian Pothier and loses puck.
14:24 of 1st period - Jamie Langenbrunner is hit by Todd Marchant and loses puck.
15:15 of 1st period - Minor Penalty to Derek Roy for Holding Stick.
15:16 of 1st period - Jussi Jokinen wins face-off versus Steve Sullivan in Oilers zone.
16:38 of 1st period - Shot by Scott Niedermayer.
16:38 of 1st period - Stopped by Dan Ellis with a rebound.
16:40 of 1st period - Shot by Robyn Regehr.
16:40 of 1st period - Stopped by Dan Ellis without a rebound.
16:41 of 1st period - Jussi Jokinen wins face-off versus Ryan Johnson in Oilers zone.
16:44 of 1st period - Shot by Scott Niedermayer.
16:44 of 1st period - Stopped by Dan Ellis without a rebound.
16:45 of 1st period - Matthew Lombardi wins face-off versus Ryan Johnson in Oilers zone.
17:12 of 1st period - Shot by Saku Koivu.
17:12 of 1st period - Shot Misses the Net.
17:14 of 1st period - Shot by Dennis Wideman.
17:14 of 1st period - Stopped by Dan Ellis without a rebound.
17:15 of 1st period - Steve Sullivan wins face-off versus Daymond Langkow in Oilers zone.
17:15 of 1st period - Derek Roy is hit by Steve Ott.
17:38 of 1st period - Minor Penalty to Jay McKee for Hooking.
17:39 of 1st period - Jamie Langenbrunner wins face-off versus Michal Handzus in Blues zone.
18:02 of 1st period - Shot by Stephen Weiss.
18:02 of 1st period - Stopped by Jonathan Quick without a rebound.
18:03 of 1st period - Jamie Langenbrunner wins face-off versus Derek Roy in Blues zone.
18:17 of 1st period - Derek Roy is hit by Brian Pothier and loses puck.
18:23 of 1st period - Dany Heatley is hit by Robyn Regehr and loses puck.
18:59 of 1st period - Icing by Roman Hamrlik.
19:00 of 1st period - Jamie Langenbrunner wins face-off versus Michal Handzus in Oilers zone.
19:08 of 1st period - Off-side.
19:09 of 1st period - Derek Roy wins face-off versus Jussi Jokinen in neutral zone.
19:34 of 1st period - Icing by Steve Sullivan.
19:35 of 1st period - Jussi Jokinen wins face-off versus Derek Roy in Oilers zone.

Period #2

0:01 of 2nd period - Derek Roy wins face-off versus Matthew Lombardi in neutral zone.
0:30 of 2nd period - Icing by Sean ODonnell.
0:31 of 2nd period - Derek Roy wins face-off versus Jussi Jokinen in Oilers zone.
1:21 of 2nd period - Minor Penalty to Stephen Weiss for Roughing.
1:22 of 2nd period - Scott Nichol wins face-off versus Saku Koivu in Oilers zone.
1:31 of 2nd period - Shot by Roman Hamrlik.
1:31 of 2nd period - Shot Misses the Net.
1:35 of 2nd period - Shot by Roman Hamrlik.
1:35 of 2nd period - Shot Misses the Net.
1:37 of 2nd period - Shot by Todd Marchant.
1:37 of 2nd period - Stopped by Jonathan Quick without a rebound.
1:38 of 2nd period - Jussi Jokinen wins face-off versus Ryan Johnson in Blues zone.
2:55 of 2nd period - Shot by Scott Niedermayer.
2:55 of 2nd period - Shot Misses the Net.
3:15 of 2nd period - Shot by Scott Niedermayer.
3:15 of 2nd period - Shot Misses the Net.
3:42 of 2nd period - Shot by Steve Ott.
3:42 of 2nd period - Shot Misses the Net.
3:55 of 2nd period - Steve Sullivan is hit by Milan Jurcina and loses puck.
4:12 of 2nd period - Scott Niedermayer is hit by Stephen Weiss and loses puck.
4:34 of 2nd period - Shot by Mike Comrie.
4:34 of 2nd period - Shot Blocked by Bryce Salvador.
4:36 of 2nd period - Shot by Saku Koivu.
4:36 of 2nd period - Stopped by Dan Ellis without a rebound.
4:37 of 2nd period - Rod BrindAmour wins face-off versus Chris Kunitz in Oilers zone.
4:37 of 2nd period - Rod BrindAmour is hit by Chris Kunitz.
5:33 of 2nd period - Robyn Regehr is hit by Scott Nichol and loses puck.
7:04 of 2nd period - Shot by Saku Koivu.
7:04 of 2nd period - Stopped by Dan Ellis without a rebound.
7:05 of 2nd period - Derek Roy wins face-off versus Jamie Langenbrunner in Oilers zone.
7:28 of 2nd period - Shot by Dany Heatley.
7:28 of 2nd period - Stopped by Jonathan Quick without a rebound.
7:29 of 2nd period - Michal Handzus wins face-off versus Daymond Langkow in Blues zone.
7:42 of 2nd period - Shot by Daymond Langkow.
7:42 of 2nd period - Shot Misses the Net.
7:52 of 2nd period - Shot by Michal Handzus.
7:52 of 2nd period - Shot Misses the Net.
7:54 of 2nd period - Shot by Bryce Salvador.
7:54 of 2nd period - Stopped by Jonathan Quick without a rebound.
7:55 of 2nd period - Matthew Lombardi wins face-off versus Scott Nichol in Blues zone.
7:55 of 2nd period - Kristian Huselius is hit by Scott Nichol and loses puck.
7:57 of 2nd period - Minor Penalty to Robyn Regehr for Roughing.
7:58 of 2nd period - Derek Roy wins face-off versus Jamie Langenbrunner in Blues zone.
7:58 of 2nd period - Adrian Aucoin is hit by Daymond Langkow and loses puck.
8:05 of 2nd period - Shot by Derek Roy.
8:05 of 2nd period - Stopped by Jonathan Quick with a rebound.
8:09 of 2nd period - Shot by Dany Heatley.
8:09 of 2nd period - Stopped by Jonathan Quick without a rebound.
8:10 of 2nd period - Derek Roy wins face-off versus Jamie Langenbrunner in Blues zone.
8:13 of 2nd period - Shot by Dany Heatley.
8:13 of 2nd period - Stopped by Jonathan Quick with a rebound.
9:27 of 2nd period - Shot by Scott Hannan.
9:27 of 2nd period - Stopped by Jonathan Quick without a rebound.
9:28 of 2nd period - Jamie Langenbrunner wins face-off versus Michal Handzus in Blues zone.
9:59 of 2nd period - Shot by Todd Marchant.
9:59 of 2nd period - Stopped by Jonathan Quick without a rebound.
10:00 of 2nd period - Scott Nichol wins face-off versus Daymond Langkow in Blues zone.
12:00 of 2nd period - Shot by Andrew Ladd.
12:00 of 2nd period - Shot Blocked by Brian Pothier.
12:04 of 2nd period - Shot by Roman Hamrlik.
12:04 of 2nd period - Shot Misses the Net.
12:40 of 2nd period - Shot by Milan Jurcina.
12:40 of 2nd period - Shot Blocked by Adrian Aucoin.
12:42 of 2nd period - Shot by Steve Ott.
12:42 of 2nd period - Stopped by Dan Ellis without a rebound.
12:43 of 2nd period - Matthew Lombardi wins face-off versus Michal Handzus in Oilers zone.
13:03 of 2nd period - Minor Penalty to Robyn Regehr for Tripping.
13:04 of 2nd period - Jamie Langenbrunner wins face-off versus Michal Handzus in Blues zone.
13:04 of 2nd period - Jamie Langenbrunner is hit by Andrew Ladd.
13:28 of 2nd period - Shot by Stephen Weiss.
13:28 of 2nd period - Shot Blocked by Scott Niedermayer.
15:18 of 2nd period - Shot by Miroslav Satan.
15:18 of 2nd period - Stopped by Jonathan Quick with a rebound.
15:20 of 2nd period - Shot by Adrian Aucoin.
15:20 of 2nd period - Stopped by Jonathan Quick without a rebound.
15:21 of 2nd period - Matthew Lombardi wins face-off versus Ryan Johnson in Blues zone.
15:23 of 2nd period - Scott Niedermayer is hit by Todd Marchant and loses puck.
16:20 of 2nd period - Minor Penalty to Michal Handzus for Hooking.
16:20 of 2nd period - Minor Penalty to Jay McKee for High sticking.
16:21 of 2nd period - Jussi Jokinen wins face-off versus Dany Heatley in Blues zone.
16:21 of 2nd period - Jussi Jokinen is hit by Dany Heatley.
16:35 of 2nd period - Shot by Jamie Langenbrunner.
16:35 of 2nd period - Shot Misses the Net.
16:37 of 2nd period - Shot by Jamie Langenbrunner.
16:37 of 2nd period - Stopped by Dan Ellis without a rebound.
16:38 of 2nd period - Saku Koivu wins face-off versus Steve Sullivan in Oilers zone.
16:47 of 2nd period - Shot by Jussi Jokinen.
16:47 of 2nd period - Stopped by Dan Ellis with a rebound.
16:59 of 2nd period - Shot by Steve Sullivan.
16:59 of 2nd period - Stopped by Jonathan Quick without a rebound.
17:00 of 2nd period - Derek Roy wins face-off versus Jussi Jokinen in Blues zone.
17:07 of 2nd period - Shot by Dany Heatley.
17:07 of 2nd period - Shot Misses the Net.
17:09 of 2nd period - Shot by Adrian Aucoin.
17:09 of 2nd period - Shot Blocked by Robyn Regehr.
17:29 of 2nd period - Shot by Derek Roy.
17:29 of 2nd period - Shot Misses the Net.
17:50 of 2nd period - Icing by Dennis Wideman.
17:51 of 2nd period - Matthew Lombardi wins face-off versus Steve Sullivan in Blues zone.
17:51 of 2nd period - Matthew Lombardi is hit by Steve Sullivan.
18:07 of 2nd period - Icing by Bryce Salvador.
18:08 of 2nd period - Steve Sullivan wins face-off versus Saku Koivu in Oilers zone.
18:10 of 2nd period - Icing by Bryce Salvador.
18:11 of 2nd period - Steve Sullivan wins face-off versus Matthew Lombardi in Oilers zone.
18:22 of 2nd period - Jay McKee is hit by Scott Nichol and loses puck.
19:14 of 2nd period - Shot by Michal Handzus.
19:14 of 2nd period - Stopped by Jonathan Quick with a rebound.
19:16 of 2nd period - Shot by Michal Handzus.
19:16 of 2nd period - Goal by Michal Handzus - Blues : 0 - Oilers : 3.
19:17 of 2nd period - Saku Koivu wins face-off versus Ryan Johnson in neutral zone.
19:24 of 2nd period - Shot by Mike Comrie.
19:24 of 2nd period - Shot Misses the Net.
19:34 of 2nd period - Shot by Mike Comrie.
19:34 of 2nd period - Shot Misses the Net.
19:36 of 2nd period - Shot by Mike Comrie.
19:36 of 2nd period - Shot Blocked by Bryce Salvador.
19:42 of 2nd period - Shot by Saku Koivu.
19:42 of 2nd period - Stopped by Dan Ellis with a rebound.
19:44 of 2nd period - Shot by Mike Comrie.
19:44 of 2nd period - Shot Misses the Net.
19:46 of 2nd period - Shot by Saku Koivu.
19:46 of 2nd period - Stopped by Dan Ellis with a rebound.
19:48 of 2nd period - Shot by Scott Niedermayer.
19:48 of 2nd period - Deflect By Saku Koivu.
19:48 of 2nd period - Shot Blocked by Todd Marchant.
19:52 of 2nd period - Shot by Mike Comrie.
19:52 of 2nd period - Shot Misses the Net.

Period #3

0:01 of 3rd period - Matthew Lombardi wins face-off versus Derek Roy in neutral zone.
0:11 of 3rd period - Minor Penalty to Sean ODonnell for Cross-checking.
0:12 of 3rd period - Scott Nichol wins face-off versus Matthew Lombardi in Oilers zone.
1:26 of 3rd period - Off-side.
1:27 of 3rd period - Ryan Johnson wins face-off versus Jussi Jokinen in neutral zone.
1:42 of 3rd period - Shot by Scott Niedermayer.
1:42 of 3rd period - Shot Blocked by Adrian Aucoin.
1:46 of 3rd period - Shot by Kristian Huselius.
1:46 of 3rd period - Stopped by Dan Ellis without a rebound.
1:47 of 3rd period - Matthew Lombardi wins face-off versus Ryan Johnson in Oilers zone.
2:23 of 3rd period - Shot by Derek Roy.
2:23 of 3rd period - Stopped by Jonathan Quick without a rebound.
2:24 of 3rd period - Saku Koivu wins face-off versus Michal Handzus in Blues zone.
2:43 of 3rd period - Shot by Stephen Weiss.
2:43 of 3rd period - Shot Misses the Net.
2:57 of 3rd period - Icing by Scott Niedermayer.
2:58 of 3rd period - Dany Heatley wins face-off versus Dan Sexton in Blues zone.
3:11 of 3rd period - Shot by Dany Heatley.
3:11 of 3rd period - Stopped by Jonathan Quick without a rebound.
3:12 of 3rd period - Daymond Langkow wins face-off versus Ryan Johnson in Blues zone.
4:10 of 3rd period - Shot by Derek Roy.
4:10 of 3rd period - Shot Misses the Net.
4:12 of 3rd period - Shot by Derek Roy.
4:12 of 3rd period - Goal by Derek Roy - Blues : 0 - Oilers : 4.
4:13 of 3rd period - Michal Handzus wins face-off versus Jamie Langenbrunner in neutral zone.
4:13 of 3rd period - Stephen Weiss is hit by Chris Kunitz and loses puck.
4:20 of 3rd period - Shot by Michal Handzus.
4:20 of 3rd period - Stopped by Jonathan Quick without a rebound.
4:21 of 3rd period - Scott Nichol wins face-off versus Matthew Lombardi in Blues zone.
5:31 of 3rd period - Icing by Robyn Regehr.
5:32 of 3rd period - Ryan Johnson wins face-off versus Matthew Lombardi in Blues zone.
6:05 of 3rd period - Shot by Jussi Jokinen.
6:05 of 3rd period - Shot Blocked by Roman Hamrlik.
6:09 of 3rd period - Shot by Jamie Langenbrunner.
6:09 of 3rd period - Stopped by Dan Ellis without a rebound.
6:10 of 3rd period - Stephen Weiss wins face-off versus Todd Bertuzzi in Oilers zone.
6:17 of 3rd period - Shot by Michal Handzus.
6:17 of 3rd period - Stopped by Jonathan Quick without a rebound.
6:18 of 3rd period - Stephen Weiss wins face-off versus Daymond Langkow in Blues zone.
7:06 of 3rd period - Daymond Langkow is hit by Dany Heatley and loses puck.
7:35 of 3rd period - Shot by Dany Heatley.
7:35 of 3rd period - Shot Misses the Net.
7:39 of 3rd period - Shot by Derek Roy.
7:39 of 3rd period - Shot Misses the Net.
8:27 of 3rd period - Shot by Chris Kunitz.
8:27 of 3rd period - Stopped by Dan Ellis without a rebound.
8:28 of 3rd period - Saku Koivu wins face-off versus Stephen Weiss in Oilers zone.
9:01 of 3rd period - Shot by Saku Koivu.
9:01 of 3rd period - Deflect By Dan Sexton.
9:01 of 3rd period - Stopped by Dan Ellis without a rebound.
9:02 of 3rd period - Jussi Jokinen wins face-off versus Scott Nichol in Oilers zone.
9:12 of 3rd period - Off-side.
9:13 of 3rd period - Derek Roy wins face-off versus Matthew Lombardi in neutral zone.
9:33 of 3rd period - Matthew Lombardi is hit by Adrian Aucoin and loses puck.
9:46 of 3rd period - Minor Penalty to Sean ODonnell for Roughing.
9:47 of 3rd period - Matthew Lombardi wins face-off versus Scott Nichol in Oilers zone.
10:20 of 3rd period - Shot by Jamie Langenbrunner.
10:20 of 3rd period - Shot Blocked by Scott Hannan.
10:45 of 3rd period - Shot by Scott Niedermayer.
10:45 of 3rd period - Shot Blocked by Ryan Johnson.
10:49 of 3rd period - Shot by Jussi Jokinen.
10:49 of 3rd period - Shot Misses the Net.
10:51 of 3rd period - Shot by Robyn Regehr.
10:51 of 3rd period - Shot Blocked by Ryan Johnson.
10:53 of 3rd period - Shot by Scott Niedermayer.
10:53 of 3rd period - Shot Misses the Net.
10:55 of 3rd period - Shot by Robyn Regehr.
10:55 of 3rd period - Shot Misses the Net.
12:22 of 3rd period - Off-side.
12:23 of 3rd period - Stephen Weiss wins face-off versus Saku Koivu in neutral zone.
13:56 of 3rd period - Off-side.
13:57 of 3rd period - Derek Roy wins face-off versus Jussi Jokinen in neutral zone.
14:03 of 3rd period - Icing by Jussi Jokinen.
14:04 of 3rd period - Jussi Jokinen wins face-off versus Scott Nichol in Blues zone.
14:04 of 3rd period - Jussi Jokinen is hit by Scott Nichol.
14:15 of 3rd period - Off-side.
14:16 of 3rd period - Michal Handzus wins face-off versus Matthew Lombardi in neutral zone.
14:30 of 3rd period - Off-side.
14:31 of 3rd period - Jussi Jokinen wins face-off versus Dany Heatley in neutral zone.
14:40 of 3rd period - Shot by Jussi Jokinen.
14:40 of 3rd period - Stopped by Dan Ellis with a rebound.
14:44 of 3rd period - Shot by Jussi Jokinen.
14:44 of 3rd period - Shot Blocked by Adrian Aucoin.
14:46 of 3rd period - Shot by Chris Kunitz.
14:46 of 3rd period - Shot Misses the Net.
14:48 of 3rd period - Shot by Jamie Langenbrunner.
14:48 of 3rd period - Shot Blocked by Adrian Aucoin.
14:50 of 3rd period - Shot by Jussi Jokinen.
14:50 of 3rd period - Shot Misses the Net.
14:54 of 3rd period - Shot by Jamie Langenbrunner.
14:54 of 3rd period - Stopped by Dan Ellis without a rebound.
14:55 of 3rd period - Ryan Johnson wins face-off versus Matthew Lombardi in Oilers zone.
15:15 of 3rd period - Shot by Andrew Ladd.
15:15 of 3rd period - Stopped by Jonathan Quick without a rebound.
15:16 of 3rd period - Michal Handzus wins face-off versus Daymond Langkow in Blues zone.
15:22 of 3rd period - Radek Dvorak is hit by Milan Jurcina and loses puck.
15:45 of 3rd period - Steve Ott is hit by Mark Popovic and loses puck.
16:16 of 3rd period - Shot by Jussi Jokinen.
16:16 of 3rd period - Goal by Jussi Jokinen - Blues : 1 - Oilers : 4.
16:17 of 3rd period - Matthew Lombardi wins face-off versus Ryan Johnson in neutral zone.
16:43 of 3rd period - Shot by Scott Niedermayer.
16:43 of 3rd period - Shot Misses the Net.
17:15 of 3rd period - Shot by Steve Sullivan.
17:15 of 3rd period - Stopped by Jonathan Quick without a rebound.
17:16 of 3rd period - Rod BrindAmour wins face-off versus Daymond Langkow in Blues zone.
17:29 of 3rd period - Shot by Jay McKee.
17:29 of 3rd period - Goal by Jay McKee - Blues : 2 - Oilers : 4.
17:30 of 3rd period - Jussi Jokinen wins face-off versus Derek Roy in neutral zone.
18:40 of 3rd period - Radek Dvorak is hit by Alexander Frolov and loses puck.
18:46 of 3rd period - Kristian Huselius is hit by Scott Hannan and loses puck.
19:08 of 3rd period - Off-side.
19:09 of 3rd period - Derek Roy wins face-off versus Matthew Lombardi in neutral zone.
19:24 of 3rd period - Kristian Huselius is hit by Dany Heatley.
19:53 of 3rd period - Matthew Lombardi is hit by Scott Hannan and loses puck.


Output by the SimonT Hockey Simulator (STHS) for Stephane Roy -- Original Page W3C XHTML 1.0 Valid